[Event "French Top 16-A 2024"]
[Site "Chartres"]
[Date "2024.06.01"]
[Round "1.7"]
[White "Jossien, Arnaud"]
[Black "Malassagne, Isabelle"]
[Result "0-1"]
[ECO "D80"]
[WhiteElo "2247"]
[BlackElo "2090"]
[Annotator "RC"]
[PlyCount "62"]
[EventDate "2024.06.01"]
[EventType "team-tourn"]
[EventCountry "FRA"]
[SourceTitle "playchess.com"]
[Source "ChessBase"]
[SourceQuality "1"]
[TimeControl "40/5400+30:1800+30"]

1. d4 Nf6 2. c4 g6 3. Nc3 d5 4. h4 c5 5. dxc5 d4 6. Nb5 e5 7. e3 Bxc5 8. exd4 exd4 9. Nf3 O-O 10. Bd3 Re8+ 11. Kf1 a6 12. Na3 Bg4 13. Bg5 Qd6 14. Nc2 Nc6 15. Qd2 h5 16. Bf4 Qd7 17. b4 Bf8 18. b5 axb5 19. cxb5 Bxf3 20. gxf3 Ne5 21. Bxe5 Rxe5 22. Kg2 Bg7 23. a4 Nd5 24. a5 Re3 25. Be4 Nf4+ 26. Kg1 Rxe4 27. Ra4 Ne2+ 28. Kg2 Ree8 29. a6 bxa6 30. Rxa6 Qxb5 31. Rxa8 Rxa8 0-1

[Event "French Top 16-A 2024"]
[Site "Chartres"]
[Date "2024.06.01"]
[Round "1.8"]
[White "Warnier, Yanis"]
[Black "Cochet, Caroline"]
[Result "1-0"]
[ECO "B07"]
[WhiteElo "2171"]
[BlackElo "1972"]
[Annotator "RC"]
[PlyCount "73"]
[EventDate "2024.06.01"]
[EventType "team-tourn"]
[EventCountry "FRA"]
[SourceTitle "playchess.com"]
[Source "ChessBase"]
[SourceQuality "1"]
[TimeControl "40/5400+30:1800+30"]

1. e4 d6 2. d4 Nf6 3. Nc3 g6 4. Be3 Bg7 5. f3 Nc6 6. Qd2 O-O 7. Nge2 e5 8. d5 Ne7 9. O-O-O Ne8 10. g3 f5 11. Bg2 Nf6 12. h3 Kh8 13. Kb1 Bd7 14. f4 Nxe4 15. Nxe4 fxe4 16. g4 Ng8 17. Bxe4 Qe7 18. Bg2 Rae8 19. Rhe1 exf4 20. Nxf4 Qf6 21. Nd3 Bb5 22. c3 Bxd3+ 23. Qxd3 Qh4 24. Re2 Nh6 25. Rde1 Nf7 26. Bf2 Qd8 27. Bd4 Ne5 28. Qg3 Rf7 29. h4 Ref8 30. h5 Qg5 31. hxg6 hxg6 32. Rh1+ Kg8 33. Qh3 Rd8 34. Qh7+ Kf8 35. Bxe5 Bxe5 36. Rf1 Rdd7 37. Ref2 1-0

[Event "French Top 16-A 2024"]
[Site "Chartres"]
[Date "2024.06.01"]
[Round "1.8"]
[White "Fischer, Julie"]
[Black "Guichard, Pauline"]
[Result "1/2-1/2"]
[ECO "C45"]
[WhiteElo "2092"]
[BlackElo "2362"]
[Annotator "RC"]
[PlyCount "105"]
[EventDate "2024.06.01"]
[EventType "team-tourn"]
[EventCountry "FRA"]
[SourceTitle "playchess.com"]
[Source "ChessBase"]
[SourceQuality "1"]
[TimeControl "40/5400+30:1800+30"]

1. e4 e5 2. Nf3 Nc6 3. d4 exd4 4. Nxd4 Nf6 5. Nxc6 bxc6 6. Bd3 d5 7. exd5 cxd5 8. O-O Be7 9. h3 O-O 10. Nd2 Rb8 11. b3 c5 12. Re1 Be6 13. c4 Qc7 14. Qc2 a5 15. cxd5 Bxd5 16. Bb2 Rb6 17. Nc4 Re6 18. Bf5 Rxe1+ 19. Rxe1 Bd8 20. Ne3 Bb7 21. Bxf6 Bxf6 22. Bxh7+ Kh8 23. Qf5 Qe5 24. Qxe5 Bxe5 25. Nc4 Bc3 26. Rc1 Bb4 27. Bf5 Re8 28. Nd6 Re7 29. Nxb7 Rxb7 30. Rd1 g6 31. Bd7 Kg7 32. Rd3 Rc7 33. Bb5 Re7 34. Rd7 Re1+ 35. Kh2 Re6 36. Bc4 Rf6 37. f3 Bc3 38. Kg1 Rf4 39. a4 Kf8 40. Kf1 Ke8 41. Rc7 Bb4 42. Ke2 Rf5 43. Kd3 Kf8 44. Ke4 Bd2 45. Rd7 Rf4+ 46. Ke5 Rf5+ 47. Kd6 Bb4 48. Kc7 Rf6 49. Bd5 Ke8 50. Rd8+ Ke7 51. Rd7+ Ke8 52. Rd8+ Ke7 53. Rd7+ 1/2-1/2

[Event "French Top 16-A 2024"]
[Site "Chartres"]
[Date "2024.06.01"]
[Round "1.9"]
[White "Karthik Venkataraman"]
[Black "Albornoz Cabrera, Carlos Daniel"]
[Result "1/2-1/2"]
[ECO "B66"]
[WhiteElo "2606"]
[BlackElo "2612"]
[Annotator "TA"]
[PlyCount "45"]
[EventDate "2024.06.01"]
[EventType "team-tourn"]
[EventCountry "FRA"]
[SourceTitle "playchess.com"]
[Source "ChessBase"]
[SourceQuality "1"]
[TimeControl "40/5400+30:1800+30"]

1. e4 c5 2. Nf3 d6 3. d4 cxd4 4. Nxd4 Nf6 5. Nc3 a6 6. Bg5 e6 7. f4 h6 8. Bxf6 Qxf6 9. Qd2 Nc6 10. Nxc6 bxc6 {[%emt 0:00:04] Black is weak on the light squares} 11. O-O-O Qd8 12. Bc4 Be7 13. Bb3 {[%emt 0:01:15] The position is equal.} O-O {[%emt 0:09:18] [#]} 14. h4 $1 d5 15. Qe1 (15. g4 $11) 15... Qc7 (15... d4 $15) 16. Rf1 (16. exd5 $1 $11 cxd5 (16... Qxf4+ 17. Kb1 $11) 17. f5) 16... Bb7 (16... Rd8 $15 17. f5 Rb8) 17. g4 $1 $11 Rad8 18. g5 h5 19. f5 g6 (19... exf5 $15 20. exd5 (20. exf5 Bc8 $15) 20... g6) 20. fxe6 fxe6 21. exd5 exd5 22. Qe6+ (22. Rxf8+ $11 {might be stronger.} Rxf8 23. Kb1 (23. Qe6+ Kh7 $17)) 22... Kg7 $15 {[%emt 0:00:17] White must now prevent ...Bc8.} 23. Ne2 {[%emt 0:00:05] Weighted Error Value: White=0.26 (precise) /Black=0.25 (precise) .  Mistake:       	White=3     	Black=3      Inaccurate:     	White=1     	Black=1      OK:         	White=4     	Black=5      Best:        	---       	Black=1      Strong:       	White=1     	---} 1/2-1/2

[Event "French Top 16-A 2024"]
[Site "Chartres"]
[Date "2024.06.01"]
[Round "1.9"]
[White "Alonso Rosell, Alvar"]
[Black "Pichot, Alan"]
[Result "0-1"]
[ECO "C00"]
[WhiteElo "2556"]
[BlackElo "2635"]
[Annotator "TA"]
[PlyCount "56"]
[EventDate "2024.06.01"]
[EventType "team-tourn"]
[EventCountry "FRA"]
[SourceTitle "playchess.com"]
[Source "ChessBase"]
[SourceQuality "1"]
[TimeControl "40/5400+30:1800+30"]

1. e4 c5 2. Nf3 e6 3. d3 Nc6 4. g3 d5 5. Qe2 Nf6 6. Bg2 Be7 7. O-O b5 8. exd5 exd5 {[%emt 0:07:36] [#]} 9. d4 $1 c4 10. Be3 {[%emt 0:00:11] The position is equal.} O-O 11. Ne5 Bb7 12. Nc3 b4 13. Na4 Qc7 14. Ng4 Ne4 15. f3 Nd6 16. c3 Qa5 ({Black should play} 16... h5 $15 17. Ne5 Nxe5 18. dxe5 Nf5) 17. Nc5 bxc3 18. f4 (18. bxc3 $11 {keeps the balance.} Bc8 (18... Qxc3 19. Rac1 $15) 19. Rac1) 18... cxb2 19. Nxb7 Nxb7 ({Of course not} 19... bxa1=Q $6 20. Nxa5 Nxd4 21. Qd2 $11) 20. Qxb2 Nd6 $36 {[%emt 0:01:11][%mdl 2048] Black is more active.} 21. Bd2 Qc7 ({But not} 21... Rab8 $6 22. Qxb8 Qxd2 23. Qc7 Qxd4+ 24. Kh1 $11) 22. Bxd5 (22. Rae1 $142) 22... Rab8 $17 23. Qc3 Nb4 24. Bf3 {[%emt 0:01:22] [#] White does not recover from this.} (24. Ne3 $17) 24... Nb5 $19 25. Qc1 Nxd4 26. Bd1 $2 (26. Bc3 Bc5 27. Kg2) 26... Nd3 {[%emt 0:01:18] A dynamic duo of knights. Black is clearly winning.} 27. Qc3 Bb4 28. Qxd4 Bc5 {[%emt 0:00:12] Weighted Error Value: White=0.57/Black=0.06 (flawless) .  Loses game:     	White=1     	---        Mistake:       	White=3     	Black=1      Inaccurate:     	White=2     	---        OK:         	White=3     	Black=6      Best:        	White=1     	Black=4} 0-1

[Event "French Top 16-A 2024"]
[Site "Chartres"]
[Date "2024.06.01"]
[Round "1.10"]
[White "Ter-Sahakyan, Samvel"]
[Black "Solakian-Van Eyll, Jerome"]
[Result "1/2-1/2"]
[ECO "D23"]
[WhiteElo "2652"]
[BlackElo "2247"]
[Annotator "TA"]
[PlyCount "109"]
[EventDate "2024.06.01"]
[EventType "team-tourn"]
[EventCountry "FRA"]
[SourceTitle "playchess.com"]
[Source "ChessBase"]
[SourceQuality "1"]
[TimeControl "40/5400+30:1800+30"]

1. d4 d5 2. c4 dxc4 3. Nf3 Nf6 4. Qa4+ Nbd7 5. Qxc4 e6 6. g3 {[%emt 0:00:50] D23: Queen's Gambit Accepted: 3 Nf3 Nf6 sidelines.} a6 7. Bg5 b5 8. Qc6 Rb8 9. Bxf6 Qxf6 $146 ({Predecessor:} 9... gxf6 10. Bg2 Bb4+ 11. Nbd2 Bxd2+ 12. Kxd2 Bb7 13. Qc3 c5 14. Rhd1 b4 15. Qd3 cxd4 16. Qxd4 {1-0 Laurusas,T (2567)-Pultinevicius,P (2536) LTU-ch Kaunas 2022 (5)}) 10. Qxc7 Bb4+ 11. Nc3 Bb7 12. Bg2 O-O 13. O-O Nb6 14. a3 Rfc8 15. Qxb6 Bxf3 16. Qxa6 Bxc3 17. bxc3 Bxe2 18. Rfe1 Bf3 19. Re3 (19. Qd6 $14) 19... Bxg2 $11 20. Kxg2 Qf5 21. Qd6 Qc2 22. Rae1 Qb3 23. Qb4 Qd5+ 24. Kg1 Rc4 25. Qb3 Qc6 26. Rd3 g6 27. Re5 Rc8 28. Qxb5 Qxb5 29. Rxb5 Rxc3 30. Rb3 Rxb3 31. Rxb3 Rc2 (31... Ra8 $11 {deserves consideration.}) 32. Kg2 Rd2 33. Kf3 ({White should play} 33. a4 $14) 33... Rxd4 $11 34. Ke3 Rd1 35. Rd3 ({White should try} 35. a4 $14) 35... Ra1 $11 36. Kd4 Ra2 37. Rf3 f5 38. Kc4 e5 39. Kb3 Rd2 40. a4 e4 41. Rc3 Rxf2 42. a5 Rd2 (42... Rxh2 $2 43. a6 Rh1 44. Kb2 $18 (44. a7 Ra1 $18)) 43. a6 Rd7 44. Kc4 Kf7 45. Ra3 Ra7 46. Kb5 Ke6 47. Kb6 Ra8 48. Kb7 Re8 49. a7 Kd5 50. Rc3 (50. a8=B $2 e3 51. Kb6+ Kd4 52. Ra4+ Kc3 $19) 50... Kd4 51. Rc8 $1 (51. a8=R $2 Rxa8 52. Rc2 Ra1 $19) 51... Re7+ $1 (51... Rxc8 52. Kxc8 e3 53. a8=Q $18 (53. a8=B $2 e2 $19)) 52. Rc7 $1 (52. Kb8 Rxa7 53. Kxa7 e3 $19) 52... Re8 53. Rc8 (53. a8=B e3 54. Rd7+ Kc3 55. Rc7+ Kd2 56. Rd7+ Kc1 57. Rc7+ Kb1 $19) 53... Re7+ $1 (53... Rxc8 54. Kxc8 e3 55. a8=Q $18 (55. a8=B $2 e2 $19)) 54. Rc7 $1 Re8 55. Rc8 (55. a8=B e3 56. Ka7 (56. Rd7+ $2 Kc3 $19) 56... e2 $19) 1/2-1/2

[Event "French Top 16-A 2024"]
[Site "Chartres"]
[Date "2024.06.01"]
[Round "1.10"]
[White "Sankalp Gupta"]
[Black "Lupulescu, Constantin"]
[Result "1/2-1/2"]
[ECO "A13"]
[WhiteElo "2532"]
[BlackElo "2588"]
[Annotator "TA"]
[PlyCount "55"]
[EventDate "2024.06.01"]
[EventType "team-tourn"]
[EventCountry "FRA"]
[SourceTitle "playchess.com"]
[Source "ChessBase"]
[SourceQuality "1"]
[TimeControl "40/5400+30:1800+30"]

1. Nf3 d5 2. c4 e6 3. g3 d4 4. Bg2 c5 5. O-O Ne7 6. e3 Nec6 7. exd4 cxd4 8. d3 Be7 9. Re1 O-O 10. Na3 f6 11. Nc2 a5 12. Rb1 Na6 13. b3 e5 14. a3 Rb8 15. Nh4 g5 16. Nf3 ({Better is} 16. Be4 $11) 16... Bf5 $15 17. Nd2 Bxd3 {[%emt 0:10:59] Threatens to win with ...Nc5.} 18. Ne4 Bxc2 19. Qxc2 f5 (19... Kh8 $17) 20. Nd2 $11 e4 {[%emt 0:07:35] [#] Hoping for ...Nc5.} 21. g4 $1 {[%emt 0:03:48] The position is equal.} Bc5 {[%emt 0:12:10] aiming for ...d3.} (21... fxg4 22. Nxe4 (22. Qxe4 Nc5 $14) 22... Nc7 23. c5) 22. gxf5 d3 $1 23. Qd1 Bxf2+ $1 24. Kxf2 Qd4+ 25. Kg3 Qd6+ 26. Kf2 Qd4+ 27. Kg3 Qd6+ 28. Kf2 {[%emt 0:00:02] Weighted Error Value: White=0.11 (very precise) /Black=0.05 (flawless) .  Mistake:       	White=1     	Black=1      Inaccurate:     	White=1     	Black=2      OK:         	White=4     	Black=12     Best:        	White=6     	Black=3      Strong:       	White=1     	Black=2} 1/2-1/2

[Event "French Top 16-A 2024"]
[Site "Chartres"]
[Date "2024.06.01"]
[Round "1.11"]
[White "Demuth, Adrien"]
[Black "Laurent-Paoli, Pierre"]
[Result "1/2-1/2"]
[ECO "A14"]
[WhiteElo "2506"]
[BlackElo "2576"]
[Annotator "TA"]
[PlyCount "104"]
[EventDate "2024.06.01"]
[EventType "team-tourn"]
[EventCountry "FRA"]
[SourceTitle "playchess.com"]
[Source "ChessBase"]
[SourceQuality "1"]
[TimeControl "40/5400+30:1800+30"]

1. Nf3 d5 2. g3 Nf6 3. Bg2 e6 4. O-O Be7 5. c4 O-O 6. b3 d4 7. e3 c5 8. exd4 cxd4 9. Bb2 Nc6 10. Re1 Bc5 11. d3 a5 12. Nbd2 Re8 13. Ne5 Nxe5 14. Rxe5 Nd7 15. Re1 e5 16. a3 Ra7 17. Ne4 b6 18. Bc1 Bb7 19. g4 (19. Qg4 $11) 19... Bf8 20. Ra2 Nc5 21. Rae2 Ne6 (21... Qh4 {feels hotter.} 22. Nxc5 Bxg2 23. Rxe5 Qh3) 22. h3 Qd7 23. a4 Bb4 24. Rf1 Raa8 25. f4 exf4 26. Bxf4 Nc5 27. Nxc5 bxc5 28. Bxb7 Qxb7 29. Rxe8+ Rxe8 30. Qf3 Qxf3 31. Rxf3 $11 {[%emt 0:00:02][%mdl 4096] Endgame. KRB-KRB} f6 32. Kg2 Kf7 33. Rf1 Re2+ 34. Rf2 $1 Re6 35. Rf1 Bc3 36. h4 Kg6 37. h5+ Kf7 38. g5 Rb6 39. gxf6 gxf6 40. Bg5 Kg7 41. Bh4 Bd2 42. Rf5 Bb4 $1 43. Kf3 {[%emt 0:04:58] Hoping for Rd5.} Re6 44. Kg4 {[%emt 0:01:16] [#] Rd5 is the strong threat.} Kf7 45. Rd5 Ke7 {[%emt 0:05:30] Repels Rd7+} 46. Kf5 Ba3 (46... Rb6 $14) 47. h6 $2 (47. Bg3 $18) 47... Bb4 $1 {[%emt 0:02:31] The position is equal.} 48. Bg3 Rc6 {[%emt 0:00:27] Against Bc7} 49. Bf4 Bc3 50. Bc1 Bb4 {[%emt 0:00:08] Prevents Ba3.} 51. Bf4 Bc3 52. Bc1 Bb4 $1 {[%emt 0:10:08] Wards off Ba3.   Weighted Error Value: White=0.12 (very precise) /Black=0.10 (very precise) .  Missed win:     	White=1     	---        Mistake:       	White=1     	Black=1      Inaccurate:     	White=1     	Black=1      OK:         	White=20    	Black=14     Best:        	---       	Black=2      Strong:       	White=1     	Black=3} 1/2-1/2

[Event "French Top 16-A 2024"]
[Site "Chartres"]
[Date "2024.06.01"]
[Round "1.11"]
[White "Ramirez Garcia, Jorge Alberto"]
[Black "Libiszewski, Fabien"]
[Result "0-1"]
[ECO "C01"]
[WhiteElo "2266"]
[BlackElo "2498"]
[Annotator "RC"]
[PlyCount "58"]
[EventDate "2024.06.01"]
[EventType "team-tourn"]
[EventCountry "FRA"]
[SourceTitle "playchess.com"]
[Source "ChessBase"]
[SourceQuality "1"]
[TimeControl "40/5400+30:1800+30"]

1. e4 e6 2. d4 d5 3. exd5 exd5 4. Nf3 Nf6 5. h3 Bf5 6. Bd3 Bxd3 7. Qxd3 c6 8. Bf4 Qe7+ 9. Qe2 Nbd7 10. Nbd2 O-O-O 11. Qxe7 Bxe7 12. O-O-O Ne4 13. Nxe4 dxe4 14. Ng5 Bxg5 15. Bxg5 f6 16. Bf4 Nb6 17. Rhe1 Rhe8 18. Bh2 Nd5 19. Re2 g5 20. Rde1 f5 21. Be5 Nf4 22. Bxf4 gxf4 23. c3 Rg8 24. f3 e3 25. g4 h5 26. Rg1 fxg4 27. hxg4 hxg4 28. Rxg4 Rxg4 29. fxg4 Rf8 0-1

[Event "French Top 16-A 2024"]
[Site "Chartres"]
[Date "2024.06.01"]
[Round "1.12"]
[White "Girel, Joseph"]
[Black "Parligras, Mircea-Emilian"]
[Result "1/2-1/2"]
[ECO "E01"]
[WhiteElo "2477"]
[BlackElo "2561"]
[Annotator "TA"]
[PlyCount "61"]
[EventDate "2024.06.01"]
[EventType "team-tourn"]
[EventCountry "FRA"]
[SourceTitle "playchess.com"]
[Source "ChessBase"]
[SourceQuality "1"]
[TimeControl "40/5400+30:1800+30"]

1. d4 Nf6 2. c4 e6 3. Nf3 d5 4. g3 Bb4+ 5. Nbd2 dxc4 6. a3 Bxd2+ 7. Bxd2 Bd7 8. e3 {[%emt 0:00:57][%cal Of3e5] The position is equal.} Bb5 9. a4 Ba6 10. Qc2 Qd5 11. Bg2 Qf5 12. Qxf5 exf5 13. Rc1 Nbd7 14. Bf1 Nb6 15. a5 Nbd5 16. Ne5 Ne4 17. Bxc4 Bxc4 18. Rxc4 f6 19. Nd3 O-O-O 20. f3 Nxd2 21. Kxd2 Rhe8 22. Re1 Rd6 23. e4 fxe4 24. fxe4 Ne7 25. Rec1 Kb8 26. b4 (26. R1c3 $5) 26... c6 27. Rf1 Red8 28. Ke3 b5 29. axb6 axb6 30. Nf4 (30. g4 $11) 30... b5 $15 31. Rc3 {[%emt 0:01:41] Weighted Error Value: White=0.08 (flawless) /Black=0.04 (flawless) .  Mistake:       	White=1     	---        Inaccurate:     	White=1     	Black=2      OK:         	White=9     	Black=15     Best:        	White=1     	---} 1/2-1/2

[Event "French Top 16-A 2024"]
[Site "Chartres"]
[Date "2024.06.01"]
[Round "1.12"]
[White "Grigorian, Roudolph"]
[Black "Bosc, Seraphina"]
[Result "1-0"]
[ECO "C11"]
[WhiteElo "2116"]
[BlackElo "2220"]
[Annotator "RC"]
[PlyCount "101"]
[EventDate "2024.06.01"]
[EventType "team-tourn"]
[EventCountry "FRA"]
[SourceTitle "playchess.com"]
[Source "ChessBase"]
[SourceQuality "1"]
[TimeControl "40/5400+30:1800+30"]

1. e4 e6 2. d4 d5 3. Nc3 Nf6 4. e5 Nfd7 5. Nf3 c5 6. dxc5 Bxc5 7. Bd3 Nc6 8. Bf4 Be7 9. h4 a6 10. Qe2 Nc5 11. h5 Qb6 12. O-O-O Bd7 13. h6 g6 14. Bg5 Nd4 15. Qe3 Nxf3 16. Bxe7 Nxd3+ 17. Rxd3 Qxe3+ 18. Rxe3 Kxe7 19. Rxf3 Bc6 20. Ne2 d4 21. Rf4 Bxg2 22. Rd1 Rhd8 23. Nxd4 Rd5 24. Rg1 Rad8 25. c3 Bh3 26. Re4 Bf5 27. Re3 Rc8 28. Rd1 Rcd8 29. f4 R5d7 30. a4 Rd5 31. b3 R5d7 32. Kb2 Rg8 33. Rg1 Rc8 34. a5 Rcd8 35. Ra1 Rd5 36. Ra4 R8d7 37. Re1 Rc5 38. Rb4 Bg4 39. Rb6 Kd8 40. b4 Rcd5 41. Nb3 Kc8 42. Nc5 Rd2+ 43. Ka3 Rc7 44. Rd6 Rh2 45. Re4 Rxh6 46. Red4 Kb8 47. Rd8+ Ka7 48. R4d7 Rxc5 49. bxc5 Rh3 50. Rc7 Rxc3+ 51. Kb4 1-0

[Event "French Top 16-A 2024"]
[Site "Chartres"]
[Date "2024.06.01"]
[Round "1.13"]
[White "Sochacki, Christophe"]
[Black "Kunin, Vitaly"]
[Result "1-0"]
[ECO "B51"]
[WhiteElo "2451"]
[BlackElo "2525"]
[Annotator "TA"]
[PlyCount "101"]
[EventDate "2024.06.01"]
[EventType "team-tourn"]
[EventCountry "FRA"]
[SourceTitle "playchess.com"]
[Source "ChessBase"]
[SourceQuality "1"]
[TimeControl "40/5400+30:1800+30"]

1. e4 c5 2. Nf3 Nc6 3. Bb5 d6 4. O-O Bd7 5. Re1 Nf6 6. c3 a6 7. Bf1 Bg4 8. d4 cxd4 9. cxd4 d5 10. e5 Ne4 11. h3 Bh5 {[%emt 0:01:31] [#]} (11... Bf5 $1 $11) 12. e6 $1 $16 {[%emt 0:23:52] White is better.} fxe6 13. Nc3 Nxc3 (13... Bxf3 14. Qxf3 g6 15. Nxe4 Nxd4 16. Qg4 dxe4 17. Rxe4) 14. bxc3 e5 15. g4 (15. dxe5 e6 $14) 15... Bf7 16. Nxe5 Nxe5 17. Rxe5 {[%emt 0:00:03] And now Rb1 would win.} e6 18. Rb1 {[%emt 0:08:02] White is more active.} Bd6 {[%emt 0:03:12] [#]} 19. Ba3 $1 {[%emt 0:05:08] Hoping for Bxd6.} b5 (19... Bxa3 $2 20. Qa4+ (20. Rxb7 $2 O-O $19) 20... b5 21. Qxa3 $16) (19... Bxe5 $2 20. dxe5 Qa5 21. Bb4 $18) (19... Rb8 20. Bxd6) 20. Bxd6 Qxd6 21. a4 O-O 22. axb5 axb5 23. Rxb5 Ra3 24. Rb3 Ra2 25. Qe1 Kh8 26. Re2 Ra3 27. Reb2 Rxb3 28. Rxb3 Bg8 29. Kg2 Rf4 30. Bd3 Qf8 31. Rb2 h6 32. Qe5 {[%emt 0:01:36][%cal Od3f5] Strongly threatening Bf5!} Rf6 33. h4 Rf3 {[%emt 0:05:07] Prevents Qg3.} 34. Qe2 Rf4 35. f3 $36 {[%emt 0:00:56][%mdl 2048] Black is under strong pressure.} Qc8 {[%emt 0:07:29] Black is weak on the light squares} 36. Rb3 {[%emt 0:00:51] Threatens to win with Qe5.} Rf7 $2 {[%emt 0:01:08] A mistake that costs the game.} (36... Qc7 $16 37. Qe3 Qd6) 37. Qe5 $18 Qa8 (37... Qc7 $142 38. Qxc7 (38. Qxe6 Rxf3 $17) 38... Rxc7) 38. Rb8 (38. Qxe6 $2 {is the wrong capture.} Qa2+ 39. Qe2 Qxb3 $19) 38... Qa2+ 39. Be2 Rf6 (39... Qa7 $142 40. Rc8 Qb6) 40. g5 Rg6 41. f4 hxg5 42. hxg5 {[%emt 0:00:00] White wants to mate with Kf2.} Qc2 43. Kf2 {[%emt 0:00:00] White threatens Rc8 and mate.} Qc1 44. Rc8 {[%emt 0:00:00] White mates.} Kh7 45. f5 Kh8 46. Qh2+ ({Not} 46. fxg6 Qf1+ 47. Bxf1 $11) 46... Rh6 47. gxh6 Qg5 48. hxg7+ Kxg7 49. Qe5+ Kh6 50. Qh8+ Bh7 51. Qf8+ {[%emt 0:00:00] Weighted Error Value: White=0.05 (flawless) /Black=0.49.  Loses game:     	---       	Black=1      Mistake:       	---       	Black=3      Inaccurate:     	White=2     	Black=5      OK:         	White=11    	Black=8      Best:        	White=6     	Black=2} ({And not} 51. fxe6 Qf4+ 52. Bf3 Qd2+ 53. Kg3 Qg5+ 54. Kh2 Qf4+ 55. Kg2 Qg5+ 56. Kf2 Qd2+ 57. Kg3 Qg5+ 58. Bg4 Qe3+ 59. Kh4 Qe1+ 60. Kh3 Qh1+ 61. Kg3 Qg1+ 62. Kf4 Qh2+ 63. Kf3 Qh1+ 64. Kg3 Qg1+ 65. Kf4 Qh2+ 66. Ke3 Qg1+ 67. Kf4 $11) 1-0

[Event "French Top 16-A 2024"]
[Site "Chartres"]
[Date "2024.06.01"]
[Round "1.13"]
[White "De Balmann, Marc"]
[Black "Fedorchuk, Sergey A."]
[Result "0-1"]
[ECO "A05"]
[WhiteElo "2151"]
[BlackElo "2546"]
[Annotator "TA"]
[PlyCount "120"]
[EventDate "2024.06.01"]
[EventType "team-tourn"]
[EventCountry "FRA"]
[SourceTitle "playchess.com"]
[Source "ChessBase"]
[SourceQuality "1"]
[TimeControl "40/5400+30:1800+30"]

1. Nf3 Nf6 2. g3 b5 3. Bg2 Bb7 4. O-O e6 5. d3 Be7 6. e4 d6 7. Qe2 O-O 8. Nbd2 c5 9. Re1 {[%emt 0:07:45] A05: Réti Opening: 1 Nf3 Nf6.} Nc6 10. c3 Qb6 11. Nf1 a5 12. a4 $146 ({Predecessor:} 12. h3 Nd7 13. Bf4 b4 14. Ng5 Nce5 15. Red1 Ba6 16. c4 Rab8 17. Qh5 h6 18. h4 {1-0 Tust,D (2105)-Erenska Barlo,H (2280) POL-ch (Women) 1993 (9)}) 12... bxa4 13. Ne3 Qb5 14. Bf1 Nd7 15. Nd2 Ba6 16. f4 Rfe8 17. Qd1 Qb8 18. Rxa4 Nb6 19. Ra2 d5 20. Qf3 (20. exd5 $11 exd5 21. Bg2) 20... Bf8 21. Kf2 Rd8 22. exd5 exd5 23. Ng4 Bb7 24. Bg2 Ra7 25. Qd1 Bc8 26. Ne5 Nxe5 27. Rxe5 Be6 28. Nf3 Nd7 29. Re1 h6 30. Ne5 ({White should play} 30. Kg1 $11) 30... Qd6 (30... Nxe5 $15 31. fxe5 Re8) 31. Qf3 (31. Nf3 $11) 31... Nxe5 $15 32. Rxe5 Be7 33. Re1 Qb6 34. Re2 Bc8 35. Re5 {[%emt 0:02:31] [#]} Bf6 $1 36. Re1 (36. Rxd5 $2 {is the wrong capture.} Rxd5 37. Qxd5 Be6 $19) 36... Bb7 37. Qd1 Bc6 38. Bd2 a4 39. Qc2 Rb8 40. Bf3 Rab7 41. Re2 (41. Bc1 $15 {feels stronger.}) 41... Qc7 $17 42. Kg2 (42. Bc1 $17) 42... Rb3 $19 43. Be1 $2 (43. Kg1) 43... Qb7 (43... d4 $142 44. Be4 dxc3 45. Bxc3 Bxc3 46. bxc3 a3) 44. Kg1 $19 Qd7 ({Black should try} 44... c4 $19 {aiming for ...cxd3.} 45. dxc4 d4 (45... dxc4 46. Bxc6 Qxc6 47. Bf2 $17)) 45. Bf2 Qd6 46. Qc1 (46. h4 {keeps fighting.}) 46... Bxc3 $19 47. Rc2 $2 (47. bxc3 $2 {loses.} Rb1 48. Ra1 Rxc1+ 49. Rxc1 Rb3 $19) (47. Kg2 Bb4 48. d4) 47... a3 48. Rxa3 Bxb2 49. Rxb3 Bxc1 50. Rxb8+ Qxb8 51. Rxc1 Qb5 52. Rxc5 Qxd3 53. Kg2 Bb5 54. g4 Bc4 55. Rc8+ Kh7 56. Rd8 (56. Re8 $142) 56... Qc3 57. Rd7 (57. Rxd5 $142 Bxd5 58. Bxd5) 57... Bf1+ $19 58. Kxf1 Qxf3 59. Rxf7 Qd1+ (59... d4 $142 60. Re7 d3 (60... Qxg4 $2 61. Bxd4 Qd1+ 62. Re1 $19) (60... Qxf4 $2 61. g5 $19)) 60. Be1 $19 d4 0-1

[Event "French Top 16-A 2024"]
[Site "Chartres"]
[Date "2024.06.01"]
[Round "1.14"]
[White "Degraeve, Remy"]
[Black "Wirig, Anthony"]
[Result "0-1"]
[ECO "C02"]
[WhiteElo "2433"]
[BlackElo "2453"]
[Annotator "RC"]
[PlyCount "106"]
[EventDate "2024.06.01"]
[EventType "team-tourn"]
[EventCountry "FRA"]
[SourceTitle "playchess.com"]
[Source "ChessBase"]
[SourceQuality "1"]
[TimeControl "40/5400+30:1800+30"]

1. e4 e6 2. d4 d5 3. e5 a6 4. Nf3 Bd7 5. h4 Bb5 6. h5 Bxf1 7. Kxf1 c5 8. c3 cxd4 9. cxd4 Nc6 10. Nc3 Qb6 11. Rh3 h6 12. Rb1 Rc8 13. Bd2 Bb4 14. Rg3 Kf8 15. Ne2 Bxd2 16. Qxd2 Nge7 17. Nh4 Rg8 18. Kg1 Ke8 19. f4 Kd7 20. Rb3 Qa7 21. f5 Nxe5 22. Re1 Nc4 23. Qd3 e5 24. Kh1 e4 25. Qh3 f6 26. Ng6 Rge8 27. Ngf4 Nd6 28. Ne6 Rg8 29. Nc3 b5 30. a4 Rb8 31. axb5 Nxb5 32. Na4 Nd6 33. Nac5+ Ke8 34. Ra3 a5 35. Qg3 Ndxf5 36. Qf4 Kf7 37. Rea1 Rxb2 38. g4 Nxd4 39. g5 Nxe6 40. g6+ Nxg6 41. hxg6+ Ke7 42. Nxe6 Kxe6 43. Qc1 Qb8 44. Rh3 Rc8 45. Qg1 Rcc2 46. Rf1 f5 47. Rh5 a4 48. Rh4 Rg2 49. Qxg2 Rxg2 50. Kxg2 d4 51. Rhh1 f4 52. Re1 f3+ 53. Kh3 Qf4 0-1